 Dungeon Crawl Stone Soup version 0.31-a0-187-gba352fbbf7 (webtiles) character file.

Game seed: 6131454088099264002

890 qw the Skirmisher (level 7, -4/40 HPs)
             Began as a Deep Elf Hunter on June 22, 2023.
             Was an Initiate of Okawaru.
             Slain by a black bear (8 damage)
             ... on level 5 of the Dungeon.
             The game lasted 00:01:31 (3553 turns).

qw the Skirmisher (Deep Elf Hunter)                 Turns: 3553, Time: 00:01:32

Health: -4/40      AC:  5    Str: 10    XL:     7   Next: 77%
Magic:  9/9        EV: 11    Int: 14    God:    Okawaru [......]
Gold:   346        SH:  0    Dex: 18    Spells: 6/6 levels left

rFire   . . .        Y - +2 orcbow
rCold   . . .        (shield currently unavailable)
rNeg    . . .        e - +0 ring mail
rPois   +            (no helmet)
rElec   .            (no cloak)
rCorr   .            (no gloves)
SInv    .            (no boots)
Will    .....        (no amulet)
Stlth   +            i - ring of poison resistance
HPRegen 0.26/turn    h - +4 ring of slaying {mikee}
MPRegen 0.11/turn

%: no passive effects
@: about to teleport
A: no striking features
a: Renounce Religion


You were on level 5 of the Dungeon.
You worshipped Okawaru.
Okawaru was noncommittal.
You visited 2 branches of the dungeon, and saw 7 of its levels.

You collected 346 gold pieces.


   Skills:
 - Level 2.6 Fighting
 + Level 11.9 Ranged Weapons
 - Level 3.3 Dodging
 - Level 1.2 Stealth


You had 6 spell levels left.
You didn't know any spells.
Your spell library was empty.

Inventory:

Hand Weapons
 Y - a +2 orcbow (weapon)
Armour
 e - a +0 ring mail (worn)
Jewellery
 h - a +4 ring of slaying (right hand) {mikee}
 i - a ring of poison resistance (left hand)
Scrolls
 a - a scroll of teleportation
 c - a scroll of identify
Potions
 b - a potion of cancellation
 d - a potion of might {unknown}
 f - a potion of enlightenment
 g - a potion of haste {unknown}
 j - a potion of curing {unknown}
 k - a potion of magic {unknown}

Dungeon Overview and Level Annotations

Branches:
Dungeon (6/15)             Temple (1/1) D:4

Altars:
Cheibriados
Dithmenos
Elyvilon
Fedhas
Hepliaklqana
Kikubaaqudgha
Makhleb
Nemelex Xobeh
Okawaru
Ru
Sif Muna
Trog
Uskayaw
Vehumet
Xom
Yredelemnul
The Shining One

Shops:
D:1 !


Message History

The black bear closely misses you. x2; The black bear completely misses you.
The orc barely misses you. The black bear bites you.
The black bear claws you. x2
There is a stone staircase leading up here.
3545 ||| STAIRDANCE The orc misses you.
The black bear bites you.
The black bear claws you but does no damage.
The black bear claws you.
You climb upwards.
There is a stone staircase leading down here.
You shoot an arrow. The arrow hits the black bear!
The black bear is heavily wounded.
The orc hits you with a +0 club. The black bear bites you.
The black bear barely misses you. The black bear misses you.
You shoot an arrow.
The arrow closely misses the black bear.
The orc hits you but does no damage. The black bear bites you.
The black bear closely misses you. x2
You shoot an arrow. The arrow hits the black bear!
The black bear is severely wounded.
The orc closely misses you. The black bear bites you.
The black bear claws you but does no damage.
The black bear misses you.
You shoot an arrow.
The arrow closely misses the black bear.
The orc hits you but does no damage.
The black bear goes berserk!
You shoot an arrow. The arrow barely misses the black bear.
The black bear bites you!
The black bear claws you but does no damage.
The black bear claws you. The orc closely misses you.
You shoot an arrow. The arrow hits the black bear!
The black bear is almost dead.
The black bear bites you.
The black bear claws you but does no damage. x2
The orc barely misses you. The black bear bites you.
The black bear barely misses you. The black bear claws you.
3553 ||| READING 2 scrolls of teleportation.
As you read the scroll of teleportation, it crumbles to dust.
You feel strangely unstable. The black bear bites you!
You die...

#####.# #.##.# ......# #)##.#
.####.###### #.##.###
......(....####......#
.##.....##.......###.##########
.................# #..........##
###.....######...###.##........#
##...........h........#####.?#
###########..@######## #..#
##o## ##.# #.# #.# ####.#
###########.# #....#
#...........# #.####
#.#########.# #.# #.#########.#
#.# #.#.......).# #.#
#.#.#######[#


You could see a black bear (berserk) and an orc.

Vanquished Creatures
  A black bear (D:6)
  2 ogres
  A centaur (D:5)
  A bullfrog (D:6)
  A scorpion (D:5)
  A hound (D:4)
  4 jellies
  Jessica (D:3)
  Ijyb (D:5)
  4 gnolls (D:4)
  9 adders
  A shadow imp (D:5)
  A white imp (D:6)
  An ufetubus (D:6)
  A worm (D:4)
  An orc (D:5)
  10 bats
  7 endoplasms
  2 giant cockroaches (D:2)
  7 goblins
  11 hobgoblins
  7 jackals
  3 quokkas
  15 ball pythons
  3 frilled lizards
  12 kobolds
  9 rats
117 creatures vanquished.

Notes
Turn   | Place    | Note
-------+----------+-------------------------------------------
     0 | D:1      | qw the Deep Elf Hunter began the quest for the Orb.
     0 | D:1      | Reached XP level 1. HP: 12/12 MP: 3/3
     0 | D:1      | 0 ||| qw: Version: 0.3-a-9-g12657ce
     0 | D:1      | 0 ||| qw: Game counter: 2121
     0 | D:1      | 0 ||| qw: Always use a shield: true
     0 | D:1      | 0 ||| qw: God list: Okawaru
     0 | D:1      | 0 ||| qw: Allow faded altars: false
     0 | D:1      | 0 ||| qw: Do Orc after D:15 true
     0 | D:1      | 0 ||| qw: Do second Lair branch before Depths: true
     0 | D:1      | 0 ||| qw: Lair rune preference: random
     0 | D:1      | 0 ||| qw: Plans: Normal
     0 | D:1      | 0 ||| PLANNING D:1-11
    48 | D:1      | You fall into a shaft and drop 1 floor!
   114 | D:2      | Reached XP level 2. HP: 16/16 MP: 4/4
   114 | D:2      | 114 ||| DROPPING scroll of butterflies.
   123 | D:2      | 123 ||| STAIRDANCE
   127 | D:1      | Reached skill level 6 in Ranged Weapons
   322 | D:1      | Found Kom Dese's Distillery.
   328 | D:1      | 328 ||| SHOPLISTING potion of curing (36 gold, have 14).
   328 | D:1      | 328 ||| SHOPLISTING potion of haste (120 gold, have 14).
   383 | D:1      | Reached XP level 3. HP: 20/20 MP: 5/5
   531 | D:1      | Reached skill level 7 in Ranged Weapons
   569 | D:1      | Found a faded altar of an unknown god.
   748 | D:1      | 748 ||| UPGRADING to +0 ring mail.
   758 | D:1      | 758 ||| DROPPING +0 leather armour.
   759 | D:1      | 759 ||| UPGRADING to ring of poison resistance.
   760 | D:1      | 760 ||| READING 2 scrolls labelled VOISMA QOVEPO.
   763 | D:1      | 763 ||| READING scroll labelled OSEBYR XOTUTH.
   764 | D:1      | 764 ||| READING scroll labelled PIMIAMN ATUUVE.
   765 | D:1      | 765 ||| DRINKING 3 fizzy green potions.
   799 | D:1      | 799 ||| DROPPING 2 potions of lignification.
  1100 | D:2      | 1100 ||| DROPPING ring of magical power.
  1101 | D:2      | 1101 ||| DRINKING 2 bubbling amethyst potions.
  1102 | D:2      | 1102 ||| DROPPING potion of brilliance.
  1288 | D:3      | Noticed Jessica
  1292 | D:3      | Killed Jessica
  1293 | D:3      | Reached XP level 4. HP: 25/25 MP: 6/6
  1359 | D:3      | 1359 ||| SWAPPING to +0 orcbow.
  1361 | D:3      | 1361 ||| DROPPING +0 shortbow.
  1772 | D:3      | 1772 ||| READING 2 scrolls labelled IPLANIOBA NOLO.
  1773 | D:3      | 1773 ||| READING scroll of enchant weapon.
  1773 | D:3      | 1773 ||| ENCHANTING +1 orcbow.
  1774 | D:3      | 1774 ||| READING scroll labelled ZIUFOA WAPH.
  1802 | D:4      | Reached skill level 8 in Ranged Weapons
  1805 | D:4      | 1805 ||| Stepping ~*~*~tactically~*~*~ (outnumbered).
  1814 | D:4      | Reached XP level 5. HP: 25/29 MP: 7/7
  1837 | D:4      | Found a blossoming altar of Fedhas.
  1985 | D:4      | Noticed an ogre
  1991 | D:4      | Reached skill level 9 in Ranged Weapons
  1995 | D:4      | Killed an ogre
  1996 | D:4      | Reached XP level 6. HP: 12/36 MP: 8/8
  2151 | D:4      | Found a basalt altar of Yredelemnul.
  2162 | D:4      | Found a staircase to the Ecumenical Temple.
  2163 | D:4      | 2163 ||| PLANNING TEMPLE
  2163 | D:4      | 2163 ||| UPGRADING to +4 ring of slaying {mikee}.
  2170 | Temple   | Entered the Ecumenical Temple
  2174 | Temple   | 2174 ||| PLANNING OKAWARU WORSHIP
  2310 | Temple   | Became a worshipper of Warmaster Okawaru
  2311 | Temple   | 2311 ||| PLANNING D:1-11
  2679 | D:4      | 2679 ||| READING 2 scrolls of identify.
  2679 | D:4      | 2679 ||| IDENTIFYING glowing puce potion
  2707 | D:5      | Entered Level 5 of the Dungeon
  2710 | D:5      | 2710 ||| STAIRDANCE
  2760 | D:5      | Reached skill level 10 in Ranged Weapons
  2763 | D:5      | Reached skill level 3 in Dodging
  2763 | D:5      | Reached XP level 7. HP: 40/40 MP: 9/9
  2945 | D:5      | Noticed Ijyb
  2954 | D:5      | Killed Ijyb
  3227 | D:5      | Reached skill level 11 in Ranged Weapons
  3389 | D:5      | 3389 ||| READING scroll labelled UVOOGA VIRPHEW.
  3390 | D:5      | 3390 ||| READING scroll labelled WIHUAC YZEKHLU.
  3391 | D:5      | 3391 ||| DRINKING 2 silvery potions.
  3438 | D:6      | Reached * piety under Okawaru
  3439 | D:6      | 3439 ||| INVOKING Heroism.
  3441 | D:6      | 3441 ||| FLEEEEING.
  3442 | D:6      | 3442 ||| FLEEEEING.
  3449 | D:6      | 3449 ||| FLEEEEING.
  3450 | D:6      | 3450 ||| FLEEEEING.
  3451 | D:6      | 3451 ||| FLEEEEING.
  3452 | D:6      | 3452 ||| FLEEEEING.
  3453 | D:6      | 3453 ||| FLEEEEING.
  3454 | D:6      | 3454 ||| FLEEEEING.
  3455 | D:6      | 3455 ||| FLEEEEING.
  3456 | D:6      | 3456 ||| FLEEEEING.
  3457 | D:6      | 3457 ||| FLEEEEING.
  3458 | D:6      | 3458 ||| FLEEEEING.
  3459 | D:6      | 3459 ||| STAIRDANCE
  3545 | D:6      | 3545 ||| STAIRDANCE
  3552 | D:5      | HP: 8/40 [black bear (4)]
  3552 | D:5      | HP: 3/40 [black bear (3)]
  3553 | D:5      | 3553 ||| READING 2 scrolls of teleportation.
  3553 | D:5      | Slain by a black bear

Levels and vault maps discovered:
D:1:      sevenhm_arrival_forest_fort_large_4, layout_basic, serial_shops,
          nicolae_shop_tiny_real_fake_doors, ebering_ecumenical_altar_rust,
          amcnicky_mini_rare_corridor_liquid, minmay_pentomino_r4
D:2:      layout_rooms, feat_on_display
D:3:      layout_loops_cross, chequers_serial_rivers_micro_a, minmay_quantized,
          uniq_jessica
D:4:      layout_basic, fedhas_altar_1, kennysheep_mini, temple_statues,
          minmay_snake_closets
D:5:      layout_loops_ring, uniq_ijyb
D:6:      cheibrodos_helix_gallery, layout_basic, kennysheep_mini_moat
Temple:   nicolae_temple_superstar

Skill      XL: |  1  2  3  4  5  6  7 |
---------------+----------------------+-----
Ranged Weapons | 6 7 8 9 10 11 | 11.9
Fighting       | 2 |  2.6
Dodging        | 3 |  3.3
Stealth        | |  1.2

Action                     |  1- 3 |  4- 6 |  7- 9 || total
---------------------------+-------+-------+-------++-------
   Fire: Shortbow          |   138 |     8 |       ||   146
         Orcbow            |       |    96 |    48 ||   144
 Invoke: Heroism           |       |       |     1 ||     1
    Use: Scroll            |     3 |     4 |     3 ||    10
         Potion            |     2 |       |     1 ||     3
 Armour: Leather armour    |     6 |       |       ||     6
         Ring mail         |    10 |    20 |    11 ||    41
  Dodge: Dodged            |    33 |    33 |    17 ||    83

Table legend:
 A = Non-vault XP
 B = Vault XP
 C = Vault XP percentage of total XP
 D = Non-vault monster count
 E = Vault monster count
 F = Vault count percentage of total count
                 A         B        C        D         E       F
            +---------+---------+-------+---------+---------+-------
      Total |     995 |     277 |  21.8 |      95 |      22 |  18.8
            +---------+---------+-------+---------+---------+-------
        D:1 |      54 |       6 |  10.0 |      33 |       4 |  10.8
        D:2 |      17 |       0 |   0.0 |      12 |       0 |   0.0
        D:3 |      26 |      41 |  61.2 |      15 |       4 |  21.1
        D:4 |     336 |      50 |  13.0 |      21 |      11 |  34.4
        D:5 |     433 |      36 |   7.7 |       9 |       1 |  10.0
        D:6 |     129 |     144 |  52.7 |       5 |       2 |  28.6
            +---------+---------+-------+---------+---------+-------
